 Dungeon Crawl Stone Soup version 0.26-a0-812-g31a745ddcd (webtiles) character file.

Game seed: 16241533691291279864

3770 tilp the Covert (level 9, -5/44 HPs)
             Began as a Spriggan Enchanter on Nov 14, 2020.
             Was a Priest of Dithmenos.
             Slain by Joseph
             ... wielding a +0 quarterstaff
              (19 damage)
             ... on level 8 of the Dungeon.
             The game lasted 00:17:39 (9590 turns).

tilp the Covert (Spriggan Enchanter)                Turns: 9590, Time: 00:17:40

Health: -5/44      AC:  5    Str:  4    XL:     9   Next: 94%
Magic:  9/16       EV: 23    Int: 19    God:    Dithmenos [***...]
Gold:   73         SH:  0    Dex: 17    Spells: 2/16 levels left

rFire    + + .     SeeInvis +   a - +1 dagger
rCold    . . .     Faith    .   (shield restricted)
rNeg     . . .     Spirit   .   m - +2 robe {rF+}
rPois    .         Reflect  .   (helmet restricted)
rElec    .         Harm     .   v - +0 cloak
rCorr    .         Rampage  .   (gloves unavailable)
MR       +....                  (boots unavailable)
Stlth    ++++++....             (no amulet)
HPRegen  0.14/turn              s - ring of protection from fire
MPRegen  0.15/turn              u - ring of wizardry

@: wreathed by umbra, very quick
A: very small, unfitting armour, see invisible, speed 3
a: Shadow Step, Renounce Religion


You were on level 8 of the Dungeon.
You worshipped Dithmenos.
Dithmenos was most pleased with you.
You visited 1 branch of the dungeon, and saw 8 of its levels.

You collected 407 gold pieces.
You spent 334 gold pieces at shops.

Inventory:

Hand Weapons
 a - a +1 dagger (weapon)
Missiles
 d - a throwing net {!f}
 o - 26 poisoned darts (quivered)
Armour
 m - a +2 robe of fire resistance (worn)
 v - a +0 cloak (worn)
 x - a +0 buckler
Magical Staves
 B - an uncursed staff of conjuration {unknown}
Jewellery
 s - a ring of protection from fire (left hand)
 u - a ring of wizardry (right hand)
Wands
 f - a wand of paralysis (6)
Scrolls
 b - a scroll of blinking {unknown}
 c - 8 scrolls of remove curse
 e - 2 scrolls of fog
 i - 4 scrolls of teleportation
 j - 3 scrolls of enchant weapon
 l - 2 scrolls of amnesia
 n - a scroll of immolation
 p - a scroll of enchant armour {unknown}
 t - 3 scrolls of magic mapping
 y - a scroll of noise {unknown}
 D - 2 scrolls of identify
Potions
 g - a potion of brilliance
 h - a potion of attraction
 k - 9 potions of curing
 q - a potion of haste
 r - 3 potions of lignification
 w - 2 potions of resistance
 z - a potion of heal wounds
 A - a potion of cancellation
 C - a potion of mutation {unknown}


   Skills:
 - Level 3.0 Fighting
 + Level 5.7 Short Blades
 - Level 8.0 Dodging
 + Level 8.9 Stealth
 - Level 4.0 Shields
 - Level 4.0 Spellcasting
 - Level 8.0 Hexes
 - Level 4.0 Invocations
 - Level 6.0 Evocations


You had 2 spell levels left.
You knew the following spells:

 Your Spells              Type           Power        Failure   Level
a - Corona                Hex            ####...      1%          1
b - Ensorcelled Hibernat  Hex/Ice        ###...       1%          2
c - Confusing Touch       Hex            ####....     1%          3
d - Tukima's Dance        Hex            ####....     1%          3
e - Dazzling Flash        Conj/Hex       ###...       3%          3
f - Slow                  Hex            ####....     1%          2

Your spell library contained the following spells:

 Spells                   Type           Power        Failure   Level
 Magic Dart               Conj           #...         6%          1
 Blink                    Tloc           N/A          9%          2
 Call Imp                 Summ           #.......     9%          2
 Poisonous Vapours        Pois/Air       #.....       9%          2
 Conjure Flame            Conj/Fire      #.......     16%         3
 Mephitic Cloud           Conj/Pois/Air  #.......     16%         3
 Freezing Cloud           Conj/Ice/Air   #.........   100%        6


Dungeon Overview and Level Annotations

Branches:
Dungeon (8/15)             Temple (0/1) D:6
   Lair: D:8-11

Altars:
Dithmenos
Fedhas
Gozag
Kikubaaqudgha
Nemelex Xobeh
Okawaru
Ru
Trog
Vehumet
Xom
Yredelemnul
Zin
The Shining One

Shops:
D:4 ?

Annotations:
D:5 Dowan, Duvessa
D:8 Joseph


Innate Abilities, Weirdness & Mutations

You are very small and have problems with some larger weapons.
You are too small for most types of armour.
You have supernaturally acute eyesight. (SInv)
You cover ground extremely quickly.


Message History

Joseph is almost dead.
Joseph hits you with a +0 quarterstaff!
Unknown command.
Casting: Ensorcelled Hibernation (safe; 1% risk of failure)
Confirm with . or Enter, or press ? or * to list all spells.
Your hands begin to glow red.
Joseph hits you with a +0 quarterstaff!!
* * * LOW HITPOINT WARNING * * *
Unknown command.
You hit Joseph but do no damage.
Joseph appears confused.
Joseph is almost dead.
You hit Joseph but do no damage.
Joseph is almost dead.
Joseph closely misses you.
You hit Joseph.
Joseph is almost dead.
You hit Joseph but do no damage.
Joseph is almost dead.
Joseph hits you with a +0 quarterstaff!!
You die...

####..#.###.## ####.
................
....##.############.##
....#.## #... #. #..>....
#... #..#.#..#.# #...
..#..#.#..#.### ....
..#..#.#......## #.##
.........r@....# ...
...........@...#
..#............# ....
........###.#..###..###....
..#.....# #.#.##_...._##...
#.....###.#.# #8..8# #...
#...........###...# #...
#.................# #...
........###.#.##....# #...


You could see Joseph (confused) and a quokka.

Vanquished Creatures
  An unseen horror (D:8)
  Maggie (D:7)
  Prince Ribbit (D:7)
  Menkaure (D:7)
  A water moccasin (D:7)
  3 sky beasts
  2 orc warriors
  2 ice beasts
  2 phantoms (D:8)
  2 centaurs
  3 ogres
  A big kobold (D:7)
  2 bullfrogs
  3 wights (D:6)
  A howler monkey (D:5)
  A quasit (D:7)
  2 bullfrog skeletons
  3 orc priests
  4 hounds
  Crazy Yiuf (D:4)
  A jelly (D:8)
  4 orc wizards
  Jessica (D:2)
  Natasha (thrice) (D:4)
  An iguana (D:8)
  5 worker ants
  2 hound skeletons
  8 adders
  2 shadow imps
  4 white imps
  2 ufetubi
  5 oozes
  An adder skeleton (D:5)
  An adder zombie (D:8)
  2 worms
  2 dart slugs
  3 leopard geckos
  22 orcs
  8 bats
  3 giant cockroaches
  7 goblins
  7 hobgoblins
  7 jackals
  8 quokkas
  A ball python (D:5)
  3 frilled lizards
  12 kobolds
  A leopard gecko skeleton (D:4)
  A leopard gecko zombie (D:7)
  8 rats
172 creatures vanquished.

Notes
Turn   | Place    | Note
-------+----------+-------------------------------------------
     0 | D:1      | tilp the Spriggan Enchanter began the quest for the Orb.
     0 | D:1      | Reached XP level 1. HP: 9/9 MP: 5/5
   587 | D:1      | Reached skill level 5 in Stealth
   587 | D:1      | Reached XP level 2. HP: 3/13 MP: 4/6
   913 | D:1      | Learned a level 2 spell: Ensorcelled Hibernation
  1269 | D:1      | Reached XP level 3. HP: 11/16 MP: 1/8
  1362 | D:1      | Learned a level 3 spell: Confusing Touch
  1861 | D:2      | Found a bloodstained altar of Trog.
  2117 | D:2      | Noticed Jessica
  2125 | D:2      | Killed Jessica
  2143 | D:1      | Reached XP level 4. HP: 21/21 MP: 2/9
  2514 | D:2      | Learned a level 2 spell: Slow
  3483 | D:3      | Reached XP level 5. HP: 24/24 MP: 10/10
  3537 | D:3      | Found a shadowy altar of Dithmenos.
  3546 | D:3      | Became a worshipper of Dithmenos the Shadowed
  4079 | D:4      | Reached XP level 6. HP: 28/28 MP: 11/11
  4093 | D:4      | Noticed Natasha
  4100 | D:4      | Killed Natasha
  4100 | D:4      | Reached skill level 5 in Short Blades
  4158 | D:4      | Found a runed translucent door.
  4159 | D:4      | Noticed Crazy Yiuf
  4166 | D:4      | Killed Crazy Yiuf
  4213 | D:4      | Noticed a sky beast
  4521 | D:4      | Killed a sky beast
  4533 | D:4      | Noticed Natasha
  4540 | D:4      | Killed Natasha
  4549 | D:4      | Noticed Natasha
  4587 | D:4      | Killed Natasha
  4724 | D:4      | Found Jammuc's Magic Scroll Emporium.
  4733 | D:4      | Bought 2 scrolls of remove curse for 66 gold pieces
  4733 | D:4      | Bought a scroll of identify for 22 gold pieces
  4733 | D:4      | Bought a scroll of magic mapping for 38 gold pieces
  4733 | D:4      | Bought a scroll of identify for 22 gold pieces
  4733 | D:4      | Bought a scroll of identify for 22 gold pieces
  4733 | D:4      | Bought a scroll of enchant weapon for 82 gold pieces
  4835 | D:4      | Learned a level 3 spell: Tukima's Dance
  4843 | D:5      | Entered Level 5 of the Dungeon
  4843 | D:5      | Noticed a sky beast
  4851 | D:4      | Killed a sky beast
  4851 | D:4      | Reached skill level 5 in Hexes
  4851 | D:4      | Reached XP level 7. HP: 22/32 MP: 9/14
  4993 | D:5      | Reached * piety under Dithmenos
  5621 | D:5      | Noticed Duvessa
  5634 | D:5      | Found a glowing golden altar of the Shining One.
  5636 | D:5      | Found a radiant altar of Vehumet.
  5636 | D:5      | Found a sacrificial altar of Ru.
  5638 | D:5      | Found a glowing silver altar of Zin.
  5638 | D:5      | Found an iron altar of Okawaru.
  5708 | D:5      | Found an opulent altar of Gozag.
  5766 | D:5      | Reached skill level 1 in Evocations
  5964 | D:5      | Noticed Dowan
  6041 | D:5      | Reached skill level 1 in Invocations
  6203 | D:5      | Reached XP level 8. HP: 34/36 MP: 6/15
  6677 | D:6      | Found a staircase to the Ecumenical Temple.
  7354 | D:6      | Reached ** piety under Dithmenos
  7354 | D:6      | Reached skill level 5 in Evocations
  7821 | D:7      | Noticed Prince Ribbit
  7829 | D:7      | Killed Prince Ribbit
  7829 | D:7      | Reached skill level 1 in Fighting
  7925 | D:7      | Learned a level 3 spell: Dazzling Flash
  7959 | D:7      | Reached XP level 9. HP: 35/42 MP: 9/16
  8075 | D:7      | Reached skill level 5 in Dodging
  8075 | D:7      | Reached skill level 1 in Shields
  8278 | D:7      | Found a shimmering altar of Xom.
  8289 | D:7      | Noticed Menkaure
  8304 | D:7      | Killed Menkaure
  8353 | D:7      | Found a basalt altar of Yredelemnul.
  8353 | D:7      | Noticed Maggie
  8373 | D:7      | Killed Maggie
  8528 | D:7      | Found a blossoming altar of Fedhas.
  8718 | D:4      | Bought a scroll of identify for 22 gold pieces
  8718 | D:4      | Bought a scroll of identify for 22 gold pieces
  8718 | D:4      | Bought a scroll of amnesia for 38 gold pieces
  8986 | D:8      | Noticed an unseen horror
  9078 | D:8      | Killed an unseen horror
  9294 | D:8      | Reached *** piety under Dithmenos
  9476 | D:8      | Found an opulent altar of Gozag.
  9566 | D:8      | Found an ancient bone altar of Kikubaaqudgha.
  9568 | D:8      | Found a sparkling altar of Nemelex Xobeh.
  9575 | D:8      | Noticed Joseph
  9590 | D:8      | Slain by Joseph

Illustrated notes

Levels and vault maps discovered:
D:1:      mrwooster_arrival_statue_3, layout_rooms, minmay_heptomino_o4
D:2:      layout_loops_corners, trog_book, uniq_jessica
D:3:      layout_basic, grunt_dithmenos_smoke
D:4:      layout_rooms, serial_shops, shop, uniq_crazy_yiuf_cottage,
          uniq_natasha
D:5:      layout_rooms, grunt_temple_overflow_open, grunt_gozag_statues,
          uniq_duvessa
D:6:      layout_basic, minmay_temple_entry_enclosed_plants
D:7:      layout_basic, lemuel_doored_altar, yredelemnul_altar_generic,
          basic_altar, uniq_menkaure, uniq_maggie, uniq_prince_ribbit1
D:8:      layout_basic, minitemple, kennysheep_mini_moat, uniq_joseph

Skill      XL: |  1  2  3  4  5  6  7  8  9 |
---------------+----------------------------+-----
Stealth        | 5 6 7 8 |  8.9
Short Blades   | 2 3 4 5 |  5.7
Spellcasting   | 4 |  4.0
Hexes          | 5 7 8 |  8.0
Evocations     | 2 6 |  6.0
Invocations    | 1 4 |  4.0
Fighting       | 1 3 |  3.0
Dodging        | 4 8 |  8.0
Shields        | 4 |  4.0

Action                   |  1- 3 |  4- 6 |  7- 9 || total
-------------------------+-------+-------+-------++-------
Melee: Dagger            |   120 |   110 |   271 ||   501
 Cast: Corona            |    15 |       |       ||    15
       Ensorcelled Hiber |    14 |    38 |    82 ||   134
       Confusing Touch   |       |     2 |    25 ||    27
       Slow              |       |       |     2 ||     2
Invok: Shadow Step       |       |       |     1 ||     1
  Use: Scroll            |       |     6 |     6 ||    12
 Stab: Sleeping          |    12 |    38 |    63 ||   113
       Confused          |       |     2 |    23 ||    25
Armor: Robe              |    10 |    14 |    23 ||    47
Dodge: Dodged            |   105 |    86 |   174 ||   365

Table legend: (Time is in decaauts)
 A = Elapsed time spent in this place.
 B = Non-inter-level travel time spent in this place.
 C = Inter-level travel time spent in this place.
 D = Time resting spent in this place.
 E = Time spent auto-exploring this place.
 F = Levels seen in this place.
 G = Mean time per level.
                   A        B        C        D        E       F      G
               +--------+--------+--------+--------+--------+-----+--------+
         Total |   7759 |   7565 |    194 |   3643 |   2551 |   8 |  969.9 |
       Dungeon |   7759 |   7565 |    194 |   3643 |   2551 |   8 |  969.9 |
               +--------+--------+--------+--------+--------+-----+--------+

Top non-repeatable levels by time:
     D:1: 1635 daAuts
     D:6: 1245 daAuts
     D:5: 1192 daAuts
     D:4: 848 daAuts
     D:2: 772 daAuts
     D:3: 751 daAuts
     D:7: 702 daAuts
     D:8: 609 daAuts
